 Dungeon Crawl Stone Soup version 0.31.0-11-ge490571c62 (webtiles) character file.

Game seed: 16395290330374592823

1 qw the Shooter (level 1, -1/10 HPs)
             Began as a Spriggan Hunter on Feb 3, 2024.
             Slain by a rat (2 damage)
             ... on level 1 of the Dungeon.
             The game lasted 00:00:03 (28 turns).

qw the Shooter (Spriggan Hunter)                      Turns: 28, Time: 00:00:04

Health: -1/10      AC:  2    Str:  7    XL:     1   Next: 16%
Magic:  2/2        EV: 18    Int: 10    God:
Gold:   0          SH:  0    Dex: 18    Spells: 0/0 levels left

rFire   . . .        a - +0 shortbow
rCold   . . .        (shield currently unavailable)
rNeg    . . .        c - +0 robe
rPois   .            (helmet restricted)
rElec   .            (no cloak)
rCorr   .            (gloves unavailable)
SInv    +            (boots unavailable)
Will    .....        (no amulet)
Stlth   ++           (no ring)
HPRegen 0.21/turn    (no ring)
MPRegen 0.08/turn

%: no passive effects
@: very quick
A: very small, no large weapons, unfitting armour, see invisible, speed 3
a: no special abilities


You were on level 1 of the Dungeon.
You visited 1 branch of the dungeon, and saw 1 of its levels.


Innate Abilities, Weirdness & Mutations

You are very small and have problems with some larger weapons.
You are too small for most types of armour.
You have supernaturally acute eyesight. (SInv)
You cover ground extremely quickly. (Speed+++)


   Skills:
 - Level 1.5 Fighting
 - Level 4.0 Ranged Weapons
 + Level 2.9 Dodging
 - Level 1.5 Stealth


You couldn't memorise any spells.
You didn't know any spells.
Your spell library was empty.

Inventory:

Hand Weapons
 a - a +0 shortbow (weapon)
Armour
 c - a +0 robe (worn)
Scrolls
 b - a scroll of butterflies

Dungeon Overview and Level Annotations

Branches:
Dungeon (1/15)

Altars:


Message History

The bat is moderately wounded.
The bat completely misses you.
You shoot an arrow.
The arrow hits the bat but does no damage.
The bat is moderately wounded.
The bat barely misses you. The bat hits you but does no damage.
You shoot an arrow. The arrow closely misses the bat.
The bat barely misses you. The rat bites you. x2
You shoot an arrow. The arrow closely misses the rat. x2
The bat closely misses you. The rat misses you.
You shoot an arrow. The arrow closely misses the bat.
The bat misses you. The bat barely misses you. The rat misses you.
The rat bites you but does no damage.
You shoot an arrow. The arrow hits the rat.
You kill the rat!
The bat barely misses you. The rat closely misses you.
You shoot an arrow. The arrow hits the bat.
The bat is moderately wounded.
The bat hits you but does no damage. The quokka barely misses you.
The rat closely misses you. The quokka closely misses you.
You shoot an arrow. The arrow barely misses the bat.
The bat misses you. The rat closely misses you. The quokka closely misses you.
The rat completely misses you.
You shoot an arrow.
The arrow hits the bat but does no damage.
The bat misses you. The bat closely misses you. The quokka barely misses you.
The rat bites you but does no damage. The quokka misses you.
You shoot an arrow. The arrow barely misses the quokka.
The arrow hits the kobold!
You kill the kobold!
The bat misses you. The quokka misses you. The rat completely misses you.
You shoot an arrow. The arrow closely misses the quokka.
The bat hits you. The quokka completely misses you. The rat bites you.
You shoot an arrow. The arrow barely misses the quokka.
The bat misses you. The quokka closely misses you. The rat misses you.
The quokka bites you but does no damage.
You shoot an arrow. The arrow closely misses the quokka.
The bat barely misses you. The rat completely misses you. The quokka bites you.
The rat bites you.
You die...

........##...##..
................
....~~~~~~~..##
...~~.....~~..#..
..~~....7..~~....
.~~.7..<.8..~~...
.~..8.....7..~...
.~.....7.....~...
.~~.b..@....~~...
..~~[7rr8..~~....
...~~..)..~~...#.
#...~~~.~~~.....
#............).#
#...............
#...............
#............#.


You could see a quokka, a bat and a rat.

Vanquished Creatures
  A kobold (D:1)
  A rat (D:1)
2 creatures vanquished.

Notes
Turn   | Place    | Note
-------+----------+-------------------------------------------
     0 | D:1      | qw the Spriggan Hunter began the quest for the Orb.
     0 | D:1      | Reached XP level 1. HP: 10/10 MP: 2/2
     0 | D:1      | 0 ||| qw: Version: 0.3-a-155-g5e7d8dd
     0 | D:1      | 0 ||| qw: Game counter: 3098
     0 | D:1      | 0 ||| qw: Melee chars always use a shield: true
     0 | D:1      | 0 ||| qw: God list: Okawaru
     0 | D:1      | 0 ||| qw: Allow faded altars: false
     0 | D:1      | 0 ||| qw: Do Orc after clearing Dungeon:15 true
     0 | D:1      | 0 ||| qw: Do second Lair branch before Depths: true
     0 | D:1      | 0 ||| qw: Lair rune preference: random
     0 | D:1      | 0 ||| qw: Goals: Normal
     0 | D:1      | 0 ||| PLANNING D:1-11
    28 | D:1      | HP: 1/10 [quokka (4)]
    28 | D:1      | Slain by a rat

Levels and vault maps discovered:
D:1:      moated_graveyard_arrival, layout_rooms, minmay_misc_feat_more_columns

Action                     || total
---------------------------++-------
   Fire: Shortbow          ||    17
 Armour: Robe              ||    12
  Dodge: Dodged            ||    32

Table legend:
 A = Non-vault XP
 B = Vault XP
 C = Vault XP percentage of total XP
 D = Non-vault monster count
 E = Vault monster count
 F = Vault count percentage of total count
                 A         B        C        D         E       F
            +---------+---------+-------+---------+---------+-------
      Total |       2 |       0 |   0.0 |       2 |       0 |   0.0
            +---------+---------+-------+---------+---------+-------
        D:1 |       2 |       0 |   0.0 |       2 |       0 |   0.0
            +---------+---------+-------+---------+---------+-------
